 Dungeon Crawl Stone Soup version 0.31-a0-948-gf5be29c462 (webtiles) character file.

Game seed: 14896339283259838762

10 BinkBink the Covered (level 2, -10/24 HPs)
             Began as a Human Fighter on Oct 21, 2023.
             Mangled by a gnoll
             ... wielding a +3 halberd
              (11 damage)
             ... on level 2 of the Dungeon.
             The game lasted 00:01:00 (136 turns).

BinkBink the Covered (Human Fighter)                 Turns: 136, Time: 00:01:01

Health: -10/24     AC:  7    Str: 16    XL:     2   Next: 30%
Magic:  2/2        EV:  9    Int:  8    God:
Gold:   14         SH:  4    Dex: 12    Spells: 1/1 levels left

rFire   . . .        a - +0 long sword
rCold   . . .        c - +0 buckler
rNeg    . . .        b - +0 scale mail
rPois   .            (no helmet)
rElec   .            e - +0 cloak
rCorr   .            (no gloves)
SInv    .            (no boots)
Will    .....        (no amulet) Stlth
                     (no ring)
HPRegen 0.24/turn    (no ring)
MPRegen 0.08/turn

%: no passive effects
@: mighty
A: no striking features
a: no special abilities


You were on level 2 of the Dungeon.
You visited 1 branch of the dungeon, and saw 2 of its levels.

You collected 14 gold pieces.

Inventory:

Hand Weapons
 a - a +0 long sword (weapon)
Armour
 b - a +0 scale mail (worn)
 c - a +0 buckler (worn)
 e - a +0 cloak (worn)
Talismans
 g - a beast talisman
Scrolls
 f - a scroll of enchant armour {unknown}
 h - a scroll of identify {unknown}


   Skills:
 + Level 3.1 Fighting
 + Level 2.1 Long Blades
 + Level 3.1 Armour
 + Level 0.5 Dodging
 + Level 3.1 Shields


You had one spell level left.
You didn't know any spells.
Your spell library was empty.

Dungeon Overview and Level Annotations

Branches:
Dungeon (1/15)

Altars:


Message History

The adder closely misses you. The gnoll closely misses you.
The gnoll attacks as it pursues you!
The gnoll hits you from afar with a +3 halberd.
* * * LOW HITPOINT WARNING * * *
The adder completely misses you. The adder closely misses you.
You block the adder's attack. The adder attacks as it pursues you!
You block the adder's attack.
You miss the adder.
The adder is heavily wounded.
The adder bites you but does no damage. x2
You feel very mighty all of a sudden. The adder bites you but does no damage.
You closely miss the adder.
The adder is heavily wounded.
The adder barely misses you. The adder bites you but does no damage.
You slash the adder!
You kill the adder!
The ball python bites you but does no damage.
The ball python grabs you. The ball python constricts you.
The rat twitches its whiskers.
You have reached level 2!
You escape the ball python's grasp.
The ball python attacks as it pursues you!
The ball python bites you but does no damage.
The ball python grabs you. The ball python constricts you.
You slash the ball python!
You kill the ball python!
The gnoll barely misses you. The gnoll attacks as it pursues you!
You block the gnoll's attack. The gnoll attacks as it pursues you!
The gnoll barely misses you. The gnoll attacks as it pursues you!
The gnoll hits you from afar with a +3 halberd!
* * * LOW HITPOINT WARNING * * *
An adder and an endoplasm come into view.
The adder hisses angrily.
The endoplasm quivers.
The gnoll attacks as it pursues you!
The gnoll hits you from afar with a +3 halberd!
You die...

...........# .(.......#.# ...
......####.# +###...
...g#)####.# ..^.... ..#
#.#....#.......J g
#.#.#g####....S.
#.#.#.#####... #...........#
###....###@.# #####
#.Sg...#..# #...#
#...##.#.g#######.#.## #
#......#...g.gr......#.#
#####g###.#########g....## #
#...gg# #.# #.........
#.#####.##### #.# #......###
#.........# #.#######g.....#
#.........#####+##.....g....##


You could see a gnoll, an adder and an endoplasm.

Vanquished Creatures
  An adder (D:2)
  A ball python (D:2)
  A kobold (D:2)
3 creatures vanquished.

Notes
Turn   | Place    | Note
-------+----------+-------------------------------------------
     0 | D:1      | BinkBink the Human Fighter began the quest for the Orb.
     0 | D:1      | Reached XP level 1. HP: 18/18 MP: 1/1
     5 | D:1      | You fall into a shaft and drop 1 floor!
   127 | D:2      | Reached XP level 2. HP: 6/24 MP: 2/2
   134 | D:2      | HP: 1/24 [gnoll/+3 halberd (7)]
   136 | D:2      | Mangled by a gnoll

Illustrated notes

Levels and vault maps discovered:
D:1:      lemuel_arrival_muddy, layout_basic
D:2:      layout_basic

Action                     || total
---------------------------++-------
  Melee: Long sword        ||    10
    Use: Potion            ||     1
 Armour: Scale mail        ||    24
  Dodge: Dodged            ||    12
  Block: Buckler           ||     8

Table legend: (Time is in decaauts)
 A = Elapsed time spent in this place.
 B = Non-inter-level travel time spent in this place.
 C = Inter-level travel time spent in this place.
 D = Time resting spent in this place.
 E = Time spent auto-exploring this place.
 F = Levels seen in this place.
 G = Mean time per level.
                   A        B        C        D        E       F      G
               +--------+--------+--------+--------+--------+-----+--------+
         Total |    139 |    139 |      0 |      0 |     44 |   2 |   69.5 |
       Dungeon |    139 |    139 |      0 |      0 |     44 |   2 |   69.5 |
               +--------+--------+--------+--------+--------+-----+--------+

Top non-repeatable levels by time:
     D:2: 134 daAuts
     D:1: 5 daAuts
